 Dungeon Crawl Stone Soup version 0.28-a0-1206-g193881aaa2 (webtiles) character file.

Game seed: 13927381916690312920

1406 flotson the Ducker (level 8, -4/63 HPs)
             Began as a Demonspawn Gladiator on Dec 20, 2021.
             Killed by nerve-wracking pain
             ... invoked by an orc priest
              (14 damage)
             ... on level 6 of the Dungeon.
             The game lasted 00:09:24 (7923 turns).

flotson the Ducker (Demonspawn Gladiator)           Turns: 7923, Time: 00:09:25

Health: -4/63      AC: 25    Str: 17    XL:     8   Next: 42%
Magic:  8/8        EV: 11    Int: 10    God:
Gold:   273        SH:  0    Dex: 14    Spells: 7/7 levels left

rFire   . . .      SeeInvis .   s - +2 mace (protect)
rCold   . . .      Faith    .   (no shield)
rNeg    . . .      Spirit   .   m - +3 scale mail {rPois}
rPois   +          Reflect  .   (helmet restricted)
rElec   .          Harm     .   (no cloak)
rCorr   .          Rampage  .   B - +1 pair of gloves
Will    .....                   (no boots)
Stlth   ..........              (no amulet)
HPRegen 0.20/turn               f - ring of poison resistance
MPRegen 0.11/turn               g - +4 ring of protection

@: under a protective aura
A: horns 1, icy blue scales 1, foul stench 1
a: no special abilities


You were on level 6 of the Dungeon.
You visited 1 branch of the dungeon, and saw 6 of its levels.

You collected 273 gold pieces.

Inventory:

Hand Weapons
 a - a +0 war axe
 e - a +1 dagger of venom
 s - a +2 mace of protection (weapon)
Missiles
 b - 4 silver boomerangs (quivered)
 t - 2 throwing nets
 A - 16 poisoned darts
Armour
 m - a +3 scale mail of poison resistance (worn)
 B - a +1 pair of gloves (worn)
Jewellery
 f - a ring of poison resistance (left hand)
 g - a +4 ring of protection (right hand)
Wands
 c - a wand of flame (19)
Scrolls
 d - 3 scrolls of enchant weapon {unknown}
 l - 2 scrolls of immolation {unknown}
 o - a scroll of teleportation {unknown}
 p - 2 scrolls of identify {unknown}
 w - a scroll of fog {unknown}
 x - a scroll of blinking {unknown}
 y - 2 scrolls of fear {unknown}
Potions
 h - a potion of ambrosia {unknown}
 i - a potion of degeneration {unknown}
 j - a potion of magic {unknown}
 k - 3 potions of curing {unknown}
 n - 2 potions of heal wounds
 q - a potion of brilliance {unknown}
 r - a potion of cancellation {unknown}
 u - a potion of attraction {unknown}
 v - 2 potions of lignification {unknown}
 z - a potion of haste {unknown}


   Skills:
 + Level 5.4 Fighting
 - Level 2.6 Axes
 + Level 5.0 Throwing
 + Level 4.5 Armour
 + Level 5.4 Dodging


You had 7 spell levels left.
You didn't know any spells.
Your spell library contained the following spells:

 Spells                   Type           Power      Damage    Failure   Level
 Beastly Appendage        Tmut           0%         N/A       77%         1
 Wereblood                Tmut           0%         N/A       88%         2
 Spider Form              Tmut/Pois      0%         N/A       98%         3
 Fireball                 Conj/Fire      0%         3d3       100%        5
 Iskenderun's Battlesphe  Conj           0%         2d6       100%        5
 Conjure Ball Lightning   Conj/Air       0%         3x3d6     100%        6
 Orb of Destruction       Conj           0%         N/A       100%        7


Dungeon Overview and Level Annotations

Branches:
Dungeon (6/15)
 Temple: D:4-7

Altars:

Annotations:
D:6 Prince Ribbit


Innate Abilities, Weirdness & Mutations

You have a pair of small horns on your head.
You are partially covered in icy blue scales. (AC +2)
You may rarely emit foul miasma when damaged in melee.


Message History

Unknown command.
You thump the orc priest!
The orc priest is heavily wounded.
Something hits you.
The orc priest hits you but does no damage.
You hit the orc priest but do no damage.
You headbutt the orc priest.
The orc priest is almost dead.
Something hits you but does no damage. The orc priest closely misses you.
You barely miss the orc priest.
The orc priest is almost dead.
Something hits you but does no damage.
The orc priest calls down the wrath of Beogh upon you.
Pain shoots through your body!
You hear some strange, mumbled words.
Something tries to affect you, but you resist.
You closely miss the orc priest.
You headbutt the orc priest, but do no damage.
The orc priest is almost dead.
The orc priest begins to cast a cantrip, but forgets the words!
Something hits you but does no damage.
The orc priest calls down the wrath of Beogh upon you.
You struggle to resist.
You hit the orc priest but do no damage.
The orc priest is almost dead.
Something hits you but does no damage.
The orc priest calls down the wrath of Beogh upon you.
Beogh smites you!
* * * LOW HITPOINT WARNING * * *
Unknown command.
You barely miss the orc priest.
You headbutt the orc priest, but do no damage.
The orc priest is almost dead.
You hear some strange, mumbled words.
A magic dart appears from out of thin air!
The magic dart hits you.
* * * LOW HITPOINT WARNING * * *
The orc priest calls down the wrath of Beogh upon you.
Pain shoots through your body!
You die...

#....##...#.o...#####.#
#######...#.###.# ...
###...#)###.##.#
#........o....$#
#.......####>###
#.......# #.# #......>#
#.# .# #......o####.#
..# #.....){@....###..#
#......#..........#
#...........#..##.#
#......#^......##.#
#......#..........#
########........#..
#########..##.# .
#.....)...## ...
#.<.......#. .##


You could see an orc priest.

Vanquished Creatures
  Sigmund (D:3)
  An orc warrior (D:3)
  3 ogres
  A phantom (D:6)
  2 scorpions (D:5)
  2 centaur zombies (D:6)
  A jelly (D:5)
  A bullfrog zombie (D:5)
  3 orc priests
  Natasha (thrice) (D:3)
  Terence (D:2)
  3 iguanas
  5 orc wizards
  3 adders
  4 gnolls (D:3)
  An adder skeleton (D:5)
  2 worms (D:2)
  11 dart slugs
  15 orcs
  10 ball pythons
  8 endoplasms
  A giant cockroach (D:3)
  9 hobgoblins
  5 jackals
  6 quokkas
  6 bats
  3 frilled lizards
  4 goblins
  5 kobolds
  7 rats
127 creatures vanquished.

Notes
Turn   | Place    | Note
-------+----------+-------------------------------------------
     0 | D:1      | flotson the Demonspawn Gladiator began the quest for the
                  | Orb.
     0 | D:1      | Reached XP level 1. HP: 16/16 MP: 1/1
   116 | D:1      | Gained mutation: You are partially covered in icy blue
                  | scales. (AC +2) [demonic ancestry]
   116 | D:1      | Reached XP level 2. HP: 22/22 MP: 2/2
   118 | D:1      | Found a faded altar of an unknown god.
   710 | D:1      | Reached skill level 1 in Armour
  1048 | D:1      | Reached XP level 3. HP: 28/28 MP: 3/3
  1450 | D:2      | Noticed Terence
  1463 | D:2      | Killed Terence
  1739 | D:2      | Reached XP level 4. HP: 31/34 MP: 4/4
  2478 | D:3      | Noticed Natasha
  2489 | D:3      | Killed Natasha
  2688 | D:3      | Noticed Natasha
  2697 | D:3      | Killed Natasha
  2698 | D:3      | Gained mutation: You have a pair of small horns on your
                  | head. [demonic ancestry]
  2698 | D:3      | Reached XP level 5. HP: 36/41 MP: 5/5
  2736 | D:3      | Noticed Natasha
  2746 | D:3      | Killed Natasha
  3171 | D:3      | Noticed Sigmund
  3576 | D:3      | Killed Sigmund
  3577 | D:3      | Gained mutation: You may rarely emit foul miasma when
                  | damaged in melee. [demonic ancestry]
  3577 | D:3      | Reached XP level 6. HP: 19/48 MP: 6/6
  4683 | D:4      | Reached XP level 7. HP: 54/54 MP: 7/7
  5977 | D:5      | Entered Level 5 of the Dungeon
  7100 | D:5      | Reached skill level 5 in Fighting
  7100 | D:5      | Reached skill level 5 in Dodging
  7100 | D:5      | Reached XP level 8. HP: 50/62 MP: 8/8
  7490 | D:6      | Noticed Prince Ribbit
  7651 | D:6      | Reached skill level 5 in Throwing
  7923 | D:6      | Killed from afar by an orc priest

Illustrated notes

Levels and vault maps discovered:
D:1:      dpeg_arrival_ratfight, layout_loops_ring,
          nicolae_ecumenical_snake_handling
D:2:      minmay_evil_eye, layout_basic, minmay_crystal_water, uniq_terence
D:3:      layout_rooms, uniq_sigmund, uniq_natasha
D:4:      kennysheep_slugbush, layout_gridville, nicolae_figureground_pulse
D:5:      layout_loops_corners
D:6:      minmay_razor_zed, layout_rooms, kennysheep_nondescript,
          uniq_prince_ribbit1

Skill      XL: |  1  2  3  4  5  6  7  8 |
---------------+-------------------------+-----
Throwing       | 2 3 4 5 |  5.0
Dodging        | 3 4 5 |  5.4
Armour         | 1 2 3 4 |  4.5
Fighting       | 3 4 5 |  5.4
Axes           | |  2.6

Action                   |  1- 3 |  4- 6 |  7- 9 || total
-------------------------+-------+-------+-------++-------
Melee: Dagger            |    89 |   118 |       ||   207
       War axe           |     3 |       |       ||     3
       Mace              |       |    95 |   158 ||   253
       Headbutt          |       |    23 |    40 ||    63
Throw: Boomerang         |       |     6 |    14 ||    20
       Throwing net      |       |     3 |       ||     3
 Stab: Distracted        |     1 |       |       ||     1
Armor: Leather armour    |    30 |       |       ||    30
       Scale mail        |     4 |   122 |   141 ||   267
Dodge: Dodged            |    48 |   126 |   126 ||   300

Table legend: (Time is in decaauts)
 A = Elapsed time spent in this place.
 B = Non-inter-level travel time spent in this place.
 C = Inter-level travel time spent in this place.
 D = Time resting spent in this place.
 E = Time spent auto-exploring this place.
 F = Levels seen in this place.
 G = Mean time per level.
                   A        B        C        D        E       F      G
               +--------+--------+--------+--------+--------+-----+--------+
         Total |   8042 |   7722 |    320 |    892 |   5630 |   6 | 1340.3 |
       Dungeon |   8042 |   7722 |    320 |    892 |   5630 |   6 | 1340.3 |
               +--------+--------+--------+--------+--------+-----+--------+

Top non-repeatable levels by time:
     D:2: 2089 daAuts
     D:5: 1615 daAuts
     D:3: 1490 daAuts
     D:4: 1295 daAuts
     D:1: 1174 daAuts
     D:6: 378 daAuts
